 Dungeon Crawl Stone Soup version 0.28.0-53-g5a82cb258f (webtiles) character file.

Game seed: 10238436310153509018

293 mcbry74 the Insei (level 6, -26/43 HPs)
             Began as a Merfolk Transmuter on July 6, 2022.
             Killed from afar by Ijyb (35 damage)
             ... with a bolt of acid
             ... on level 3 of the Dungeon.
             The game lasted 00:14:31 (5494 turns).

mcbry74 the Insei (Merfolk Transmuter)              Turns: 5494, Time: 00:14:32

Health: -26/43     AC: -1    Str: 10    XL:     6   Next: 33%
Magic:  8/9        EV: 12    Int: 14    God:
Gold:   120        SH:  0    Dex: 15    Spells: 6/9 levels left

rFire   . . .      SeeInvis +     - Unarmed
rCold   . . .      Faith    .   (no shield)
rNeg    . . .      Spirit   .   a - +0 robe
rPois   .          Reflect  .   (helmet currently unavailable)
rElec   .          Harm     .   (no cloak)
rCorr   .          Rampage  .   d - +0 pair of gloves
Will    .....                   (boots currently unavailable)
Stlth   +.........              l - amulet of regeneration
HPRegen 0.94/turn               q - ring of see invisible
MPRegen 0.11/turn               (no ring)

@: appendages, corroded
A: horns 2, (nimble swimmer 2), mertail
a: End Transformation


You were on level 3 of the Dungeon.
You had temporarily grown beastly horns.
You visited 1 branch of the dungeon, and saw 3 of its levels.

You collected 120 gold pieces.

Inventory:

Hand Weapons
 m - the +3 dagger of Okawaru's Pride {vorpal, rN+ Str+6}
   (You found it on level 2 of the Dungeon)

   It inflicts extra damage upon your enemies.
   Str:       It affects your strength (+6).
   rN:        It protects you from negative energy.
Missiles
 c - a throwing net
 i - 5 poisoned darts
 k - 82 stones
 o - 2 javelins
Armour
 a - a +0 robe (worn)
 d - a +0 pair of gloves (worn)
 n - a +0 helmet (melded)
Jewellery
 j - a ring of fire
 l - an amulet of regeneration (around neck)
 q - a ring of see invisible (left hand)
Scrolls
 b - 3 scrolls of amnesia {unknown}
 h - 4 scrolls of identify {unknown}
 p - a scroll of enchant armour {unknown}
 r - a scroll of blinking {unknown}
 s - a scroll of magic mapping {unknown}
 t - a scroll of fog {unknown}
Potions
 e - a potion of might {unknown}
 f - a potion of magic {unknown}
 g - a potion of invisibility {unknown}


   Skills:
 - Level 1.1 Fighting
 - Level 2.6 Dodging
 + Level 7.6 Unarmed Combat
 - Level 2.0 Spellcasting
 - Level 2.6 Transmutations


You had 6 spell levels left.
You knew the following spells:

 Your Spells              Type           Power      Damage    Failure   Level
a - Beastly Appendage     Tmut           16%        N/A       8%          1
b - Wereblood             Tmut           8%         N/A       12%         2

Your spell library contained the following spells:

 Spells                   Type           Power      Damage    Failure   Level
 Passwall                 Tmut/Erth      4%         N/A       21%         2
 Animate Skeleton         Necr           2%         N/A       24%         1
 Pain                     Necr           4%         1d4       24%         1
 Ensorcelled Hibernation  Hex/Ice        2%         N/A       34%         2
 Spider Form              Tmut/Pois      5%         N/A       38%         3
 Swiftness                Air            1%         N/A       56%         3
 Vampiric Draining        Necr           1%         2d6       56%         3
 Ice Form                 Ice/Tmut       5%         N/A       80%         4


Dungeon Overview and Level Annotations

Branches:
Dungeon (3/15)

Altars:

Annotations:
D:3 Ijyb, Terence


Innate Abilities, Weirdness & Mutations

You have temporarily grown beastly horns.
((You are very nimble when in or above water. (Stealth+, EV+, Speed+++)))
Your lower body shifts to a powerful aquatic tail in water.


Message History

You kill the orc!
You howl as the wereblood boils in your veins!
You howl as the wereblood boils in your veins!
Your primal bloodlust is almost over.
Your primal bloodlust has ended.
Things that are here:
a +0 whip; a +0 leather armour; an orc corpse You see here a +0 dagger.
Things that are here:
a +0 short sword; a kobold skeleton
Found 20 bolts.
You see here 20 bolts.
Your legs become a tail as you enter the water.
A goblin comes into view. It is wielding a +0 club.
The goblin shouts!
The goblin misses you.
You miss the goblin. The goblin closely misses you.
You punch the goblin!
You kill the goblin!
Things that are here:
a +0 club; a goblin corpse You start waiting.
Done waiting.
Ijyb the Twisted Goblin comes into view.
She is wielding a +1 dagger of protection and carrying a wand of acid (5).
Ijyb shouts!
Sorry, you're not good enough to have a special ability.
Casting: Wereblood (safe; 12% risk of failure)
Confirm with . or Enter, or press ? or * to list all spells.
You grow a pair of large bovine horns.
Your +0 helmet melds into your body.
Ijyb hits you with a +1 dagger of protection.
You hit Ijyb but do no damage.
Ijyb zaps a wand.
The bolt of acid hits you!!
Ouch! That really hurt!
* * * LOW HITPOINT WARNING * * *
The acid corrodes you!
You closely miss Ijyb. You headbutt Ijyb, but do no damage.
Ijyb hits you with a +1 dagger of protection.
* * * LOW HITPOINT WARNING * * *
You barely miss Ijyb.
Ijyb zaps a wand.
The bolt of acid hits you!!
Ouch! That really hurt!
You die...

########## #........#
...g.....###############
#.#####................##
##.############...## #.#
#...... #.# #....##
#g###########.#.##
#.@...........#.#
###############.#
#####.## ### #......##
######)## #.###....
#.....#.#########.# #.###
#.≈≈≈≈##..........# #.#
#....≈..#############.#
##≈≈≈≈.## ##...<#


You could see Ijyb.

Vanquished Creatures
  Sigmund (D:2)
  Robin (D:2)
  5 adders
  2 worms (D:3)
  An orc (D:3)
  10 ball pythons
  6 bats
  3 endoplasms
  2 giant cockroaches
  18 goblins
  3 hobgoblins (D:1)
  5 jackals
  4 kobolds
  3 quokkas
  3 frilled lizards
  4 rats
71 creatures vanquished.

Vanquished Creatures (others)
  2 plants (D:1)
2 creatures vanquished.

Grand Total: 73 creatures vanquished

Notes
Turn   | Place    | Note
-------+----------+-------------------------------------------
     0 | D:1      | mcbry74 the Merfolk Transmuter began the quest for the Orb.
     0 | D:1      | Reached XP level 1. HP: 15/15 MP: 3/3
   276 | D:1      | Reached XP level 2. HP: 19/21 MP: 3/5
   375 | D:1      | Reached skill level 4 in Unarmed Combat
   798 | D:1      | Learned a level 2 spell: Wereblood
  1297 | D:1      | Reached XP level 3. HP: 26/26 MP: 4/6
  2171 | D:2      | Found a faded altar of an unknown god.
  2175 | D:2      | Noticed Sigmund
  2303 | D:2      | Noticed Robin
  2686 | D:2      | Reached skill level 5 in Unarmed Combat
  2744 | D:2      | Killed Robin
  2745 | D:2      | Reached XP level 4. HP: 15/32 MP: 7/7
  3177 | D:2      | Identified the +3 dagger of Okawaru's Pride {vorpal, rN+
                  | Str+6}
  4212 | D:2      | Killed Sigmund
  4213 | D:2      | Reached skill level 7 in Unarmed Combat
  4213 | D:2      | Reached XP level 5. HP: 34/37 MP: 5/8
  4213 | D:2      | Reached XP level 6. HP: 39/43 MP: 5/9
  4936 | D:3      | Noticed Terence
  5054 | D:3      | Noticed Grinder
  5056 | D:3      | Paralysed by Grinder for 4 turns
  5074 | D:3      | Paralysed by Grinder for 2 turns
  5481 | D:3      | Noticed Ijyb
  5494 | D:3      | Killed from afar by Ijyb

Illustrated notes

Levels and vault maps discovered:
D:1:      dpeg_arrival_brainrot, layout_basic, serial_forest,
          infiniplex_forest_end_double, infiniplex_forest_corner_1,
          infiniplex_forest_lined_4_way, infiniplex_forest_end_1,
          infiniplex_forest_clump_diagonal, infiniplex_forest_straight_3,
          infiniplex_forest_lined_2, minivault_26
D:2:      layout_basic, nicolae_ecumenical_snake_handling, uniq_sigmund,
          uniq_robin
D:3:      layout_loops_ring, minmay_misc_feat_five,
          chequers_serial_rivers_micro_d, uniq_grinder, uniq_ijyb, uniq_terence

Skill      XL: |  1  2  3  4 |
---------------+-------------+-----
Unarmed Combat | 4 5 7 |  7.6
Fighting       | |  1.1
Dodging        | |  2.6
Spellcasting   | |  2.0
Transmutations | |  2.6

Action                   |  1- 3 |  4- 6 || total
-------------------------+-------+-------++-------
Melee: Unarmed           |   109 |   148 ||   257
       Headbutt          |    11 |     9 ||    20
       Punch             |     4 |     2 ||     6
 Cast: Beastly Appendage |    18 |    10 ||    28
       Wereblood         |     2 |     7 ||     9
  Use: Potion            |       |     1 ||     1
Armor: Robe              |    28 |    43 ||    71
Dodge: Dodged            |    72 |    97 ||   169
